 Dungeon Crawl Stone Soup version 0.25.0-3-gd7cc5688da (webtiles) character file.

Game seed: 7417720808861314994

1568 Froggeryz the Basher (level 8, -8/49 HPs)
             Began as a Gargoyle Monk on June 15, 2020.
             Was an Elder of Okawaru.
             Killed by divine providence
             ... invoked by an orc priest
              (11 damage)
             ... on level 6 of the Dungeon.
             The game lasted 00:06:44 (5013 turns).

Froggeryz the Basher (Gargoyle Monk)                Turns: 5013, Time: 00:06:45

Health: -8/49      AC: 16    Str: 16    XL:     8   Next: 90%
Magic:  8/8        EV: 10    Int: 12    God:    Okawaru [****..]
Gold:   219        SH:  0    Dex: 12    Spells: 7/7 levels left

rFire    . . .     SeeInvis .   m - +1 whip (elec)
rCold    + . .     Gourm    .   (no shield)
rNeg     + . .     Faith    +   l - +0 scale mail {rC+}
rPois    ∞         Spirit   .   (no helmet)
rElec    +         Reflect  .   (no cloak)
rCorr    .         Harm     .   (no gloves)
MR       .....                  y - +2 pair of boots
Stlth    +.........             q - amulet of faith
HPRegen  0.16/turn              (no ring)
MPRegen  0.11/turn              (no ring)

@: no status effects
A: negative energy resistance 1, electricity resistance, unbreathing,
petrification resistance, rot immunity, AC +5
a: Heroism, Renounce Religion


You were on level 6 of the Dungeon.
You worshipped Okawaru.
Okawaru was greatly pleased with you.
You were hungry.

You visited 1 branch of the dungeon, and saw 5 of its levels.
You also visited: Ossuary.

You collected 219 gold pieces.

Inventory:

Hand Weapons
 m - a +1 whip of electrocution (weapon)
 E - a +0 morningstar
Missiles
 k - 4 silver javelins (quivered)
Armour
 j - a +3 tower shield
 l - a +0 scale mail of cold resistance (worn)
 y - a +2 pair of boots (worn)
Jewellery
 q - an amulet of faith (around neck)
 r - an uncursed ring of ice
 x - an uncursed amulet of the acrobat
Wands
 D - a wand of disintegration (15)
Scrolls
 d - a scroll of teleportation
 h - 7 scrolls of identify {unknown}
 n - 6 scrolls of remove curse
 o - 2 scrolls of amnesia {unknown}
 p - a scroll of immolation {unknown}
 w - a scroll of silence {unknown}
Potions
 a - 2 potions of flight {unknown}
 b - 3 potions of cancellation {unknown}
 e - a potion of stabbing {unknown}
 f - a potion of brilliance {unknown}
 g - 2 potions of lignification {unknown}
 i - 3 potions of magic {unknown}
 s - a potion of heal wounds {unknown}
 t - a potion of might {unknown}
 u - a potion of resistance {unknown}
 v - 2 potions of curing {unknown}
 z - a potion of invisibility {unknown}
 A - a potion of degeneration {unknown}
 C - a potion of haste {unknown}
Comestibles
 c - a ration


   Skills:
 + Level 5.2 Fighting
 * Level 8.7 Maces & Flails
 - Level 6.5 Armour
 - Level 2.4 Dodging
 - Level 2.1 Stealth


You had 7 spell levels left.
You didn't know any spells.
Your spell library was empty.

Dungeon Overview and Level Annotations

Branches:
Dungeon (4/15)            Ossuary (visited)
 Temple: D:4-7

Altars:
Okawaru
Trog

Shops:
D:4 %


Innate Abilities, Weirdness & Mutations

You are resistant to torment.
Your stone body is resilient. (AC +5)
You are immune to poison.
You resist negative energy. (rN+)
You are resistant to electric shocks. (rElec)
You can survive without breathing.
You are immune to petrification.
You are immune to rotting.


Message History

You closely miss the orc priest.
The orc priest is severely wounded.
The orc closely misses you.
You closely miss the orc priest.
The orc priest is severely wounded.
The orc priest barely misses you.
You hit the orc priest.
The orc priest is almost dead.
The orc hits you but does no damage.
You hit the orc priest.
The orc priest is almost dead.
The orc priest invokes the aid of Beogh against you.
Beogh smites you!
* * * LOW HITPOINT WARNING * * *
You closely miss the orc priest.
The orc priest is almost dead.
The orc hits you but does no damage.
The orc priest invokes the aid of Beogh against you.
Beogh smites you!
You die...

#################
#...............#
#........######.#
#........# #.#######
#........######........
#>...........##@.......
#........##.###oo......
##...........##o.......
#.....≈≈≈...##........
#....P♣P♣≈..##........
###...♣P≈≈≈≈♣♣##........
..).≈≈≈♣PP≈PP #........
#...≈♣≈P≈≈≈PP≈ #.#######
....≈P≈≈≈P≈≈≈


You could see an orc priest and 2 orcs.

Vanquished Creatures
  Grinder (D:4)
  An ice beast (D:6)
  2 ogres
  2 scorpions
  An electric eel (D:6)
  2 bullfrog zombies (Ossuary)
  An orc priest (D:3)
  A bullfrog skeleton (D:4)
  Jessica (D:2)
  17 mummies (Ossuary)
  Natasha (thrice) (D:2)
  5 worker ants (D:4)
  Terence (D:2)
  A hound zombie (Ossuary)
  A worker ant zombie (Ossuary)
  3 gnolls
  6 adders
  2 oozes
  5 worms
  5 dart slugs
  2 leopard geckos
  10 orcs
  7 bats
  7 giant cockroaches
  4 goblins
  9 hobgoblins
  8 jackals
  9 kobolds
  2 quokkas (D:3)
  3 ball pythons
  5 frilled lizards
  A jackal zombie (Ossuary)
  2 leopard gecko zombies (Ossuary)
  A quokka zombie (Ossuary)
  10 rats
141 creatures vanquished.

Vanquished Creatures (others)
  A leopard gecko (D:6)
  3 withered plants (Ossuary)
4 creatures vanquished.

Grand Total: 145 creatures vanquished

Notes
Turn   | Place    | Note
-------+----------+-------------------------------------------
     0 | D:1      | Froggeryz the Gargoyle Monk began the quest for the Orb.
     0 | D:1      | Reached XP level 1. HP: 14/14 MP: 1/1
   104 | D:1      | Reached XP level 2. HP: 19/19 MP: 2/2
   668 | D:1      | Reached XP level 3. HP: 24/24 MP: 3/3
   826 | D:1      | Reached skill level 4 in Maces & Flails
   992 | D:2      | Noticed Natasha
  1001 | D:2      | Killed Natasha
  1001 | D:2      | Reached XP level 4. HP: 20/29 MP: 4/4
  1004 | D:2      | Noticed Natasha
  1207 | D:2      | Killed Natasha
  1483 | D:1      | Reached XP level 5. HP: 23/33 MP: 5/5
  1571 | D:2      | Noticed Terence
  1586 | D:2      | Killed Terence
  1586 | D:2      | Reached skill level 1 in Armour
  1646 | D:2      | Noticed an ogre
  1649 | D:2      | Reached skill level 5 in Maces & Flails
  1658 | D:2      | Killed an ogre
  1658 | D:2      | Reached XP level 6. HP: 33/38 MP: 6/6
  1711 | D:2      | Noticed Jessica
  1717 | D:2      | Killed Jessica
  1854 | D:2      | Noticed Natasha
  1862 | D:2      | Killed Natasha
  1988 | D:2      | Noticed a moth of wrath
  1991 | D:2      | Found a bloodstained altar of Trog.
  2177 | D:2      | Found an iron altar of Okawaru.
  2257 | D:2      | Became a worshipper of Warmaster Okawaru
  2257 | D:2      | Reached * piety under Okawaru
  2257 | D:2      | Reached ** piety under Okawaru
  2957 | D:3      | Reached skill level 6 in Maces & Flails
  3251 | D:4      | Reached XP level 7. HP: 43/43 MP: 7/7
  3261 | D:4      | Found a sand-covered staircase.
  3276 | Ossuary  | Entered an ossuary
  3483 | Ossuary  | Reached skill level 5 in Armour
  3737 | Ossuary  | Reached *** piety under Okawaru
  3746 | Ossuary  | Reached skill level 7 in Maces & Flails
  3963 | Ossuary  | Reached XP level 8. HP: 43/48 MP: 8/8
  4315 | D:4      | Noticed Grinder
  4316 | D:4      | Paralysed by Grinder for 2 turns
  4327 | D:4      | Paralysed by Grinder for 5 turns
  4339 | D:4      | Killed Grinder
  4379 | D:4      | Found Jifess's Food Emporium.
  4592 | D:4      | Reached skill level 8 in Maces & Flails
  4730 | D:4      | You fall into a shaft and drop 2 floors!
  4893 | D:6      | Reached skill level 5 in Fighting
  5004 | D:6      | Reached **** piety under Okawaru
  5013 | D:6      | Killed from afar by an orc priest

Illustrated notes

Levels and vault maps discovered:
D:1:      heliophobic_arrival_battle_scene, layout_basic
D:2:      minmay_general_purpose_star, layout_basic, okawaru_metal_pillars_1_2,
          tgw_trog, uniq_jessica, uniq_natasha, uniq_terence
D:3:      layout_basic
D:4:      layout_rooms, chequers_ossuary_entry_cave, serial_shops,
          nicolae_shop_crystal, uniq_grinder
D:6:      layout_basic, serial_bayou_lake_a

Skill      XL: |  1  2  3  4  5  6  7  8 |
---------------+-------------------------+-----
Maces & Flails | 4 5 6 7 8 |  8.7
Fighting       | 4 5 |  5.2
Armour         | 2 3 5 6 |  6.5
Dodging        | |  2.4
Stealth        | |  2.1

Action                   |  1- 3 |  4- 6 |  7- 9 || total
-------------------------+-------+-------+-------++-------
Melee: Mace              |   109 |   143 |       ||   252
       Whip              |       |    79 |   294 ||   373
  Use: Scroll            |       |     3 |       ||     3
 Stab: Sleeping          |     2 |     1 |       ||     3
  Eat: Chunk             |       |     8 |     2 ||    10
       Ration            |       |       |     1 ||     1
Armor: Robe              |     3 |       |       ||     3
       Leather armour    |    70 |    11 |       ||    81
       Scale mail        |       |    69 |    87 ||   156
Dodge: Dodged            |   136 |   117 |    71 ||   324
